 Dungeon Crawl Stone Soup version 0.26.1-2-gb8aa6d0cf2 (webtiles) character file.

Game seed: 4860400761117845843

1588 Amaterasu the Fighter (level 8, -1/92 HPs)
             Began as an Ogre Monk on Feb 10, 2021.
             Was a Believer of Okawaru.
             Slain by an orc warrior
             ... wielding a +0 battleaxe
              (27 damage)
             ... on level 5 of the Dungeon.
             The game lasted 00:07:29 (6573 turns).

Amaterasu the Fighter (Ogre Monk)                   Turns: 6573, Time: 00:07:30

Health: -1/92      AC:  7    Str: 18    XL:     8   Next: 92%
Magic:  9/9        EV: 11    Int: 17    God:    Okawaru [**....]
Gold:   228        SH:  0    Dex: 11    Spells: 7/7 levels left

rFire    . . .     SeeInvis .   c - +0 morningstar
rCold    . . .     Faith    .   (no shield)
rNeg     . . .     Spirit   .   b - +1 robe
rPois    .         Reflect  .   j - +2 hat
rElec    .         Harm     .   o - +0 cloak
rCorr    +         Rampage  .   (gloves unavailable)
Will     .....                  (boots unavailable)
Stlth    ++........             (no amulet)
HPRegen  0.25/turn              f - +6 ring of intelligence
MPRegen  0.11/turn              p - ring of resist corrosion

@: no status effects
A: large, unfitting armour, tough skin 1
a: Renounce Religion, Heroism


You were on level 5 of the Dungeon.
You worshipped Okawaru.
Okawaru was pleased with you.
You visited 2 branches of the dungeon, and saw 7 of its levels.

You collected 228 gold pieces.

Inventory:

Hand Weapons
 c - a +0 morningstar (weapon)
 d - a +0 flail
 q - a +0 giant club
Armour
 b - a +1 robe (worn)
 j - a +2 hat (worn)
 o - a +0 cloak (worn)
Jewellery
 f - a +6 ring of intelligence (left hand)
 n - an uncursed ring of fire
 p - a ring of resist corrosion (right hand)
Scrolls
 i - 4 scrolls of remove curse
 l - a scroll of amnesia {unknown}
 m - 5 scrolls of identify
Potions
 a - 2 potions of attraction
 e - 3 potions of heal wounds
 g - 2 potions of ambrosia
 h - 3 potions of berserk rage
 k - a potion of invisibility


   Skills:
 * Level 9.0 Fighting
 - Level 8.0 Maces & Flails
 - Level 4.0 Dodging
 - Level 1.4 Stealth
 * Level 2.0 Invocations


You had 7 spell levels left.
You didn't know any spells.
Your spell library contained the following spells:

 Spells                   Type           Power        Failure   Level
 Corona                   Hex            0%           24%         1
 Ensorcelled Hibernation  Hex/Ice        0%           34%         2
 Confusing Touch          Hex            0%           56%         3
 Dazzling Flash           Conj/Hex       0%           56%         3
 Tukima's Dance           Hex            0%           56%         3


Dungeon Overview and Level Annotations

Branches:
Dungeon (6/15)             Temple (1/1) D:4

Altars:
Dithmenos
Elyvilon
Gozag
Kikubaaqudgha
Makhleb
Nemelex Xobeh
Okawaru
Sif Muna
Trog
Uskayaw
Vehumet
Xom
Zin
The Shining One

Annotations:
D:6 Prince Ribbit


Innate Abilities, Weirdness & Mutations

You are too large for most types of armour.
You have tough skin. (AC +1)


Message History

The orc warrior barely misses you.
You hit the orc warrior.
The orc warrior is almost dead.
The orc warrior hits you with a +0 battleaxe.
You barely miss the orc warrior.
The orc warrior is almost dead.
You closely miss the orc warrior.
The orc warrior is almost dead.
The orc warrior closely misses you.
You closely miss the orc warrior.
The orc warrior is almost dead.
The orc warrior misses you.
You barely miss the orc warrior.
The orc warrior is almost dead.
The orc warrior hits you with a +0 battleaxe!
* * * LOW HITPOINT WARNING * * *
You barely miss the orc warrior.
The orc warrior is almost dead.
The orc warrior hits you with a +0 battleaxe!!
You die...

##.#####..#.#.##.### #.##.
#.(........###...# #.##.
#......####.#.#### #.##.
#[####.# ##.## #.##. ###.####.#
#.############.... #........#
#)##..†........... #.#.######
#.##.############. #.#.# #o##.#
#.......... #.#.# #@##.#
#.########. #.#<# #.##.# #.# ##
#.#.# #.##.# #.# #
#.#.##########.##.# #.#
#.#............##.###.#########
#..........##.............#....
##########.##.###.###.###......
#.##.###.###.#####.###
#.##.##...##..........


You could see an orc warrior.

Vanquished Creatures
  The ghost of StoneSoupSpirit the Covert, a novice DsCK of Xom (D:4)
  The ghost of StoneSoupSpirit the Cutter, a novice DsCK of Xom (D:4)
  A water moccasin (D:5)
  An ogre (D:6)
  A centaur (D:5)
  3 wights
  A howler monkey (D:5)
  A quasit (D:5)
  Crazy Yiuf (D:4)
  2 hounds (D:4)
  2 iguanas
  2 orc wizards (D:4)
  2 worker ants
  A killer bee zombie (D:5)
  A hound skeleton (D:6)
  2 gnolls
  6 adders
  A white imp (D:5)
  An ufetubus (D:5)
  A worm (D:2)
  2 dart slugs
  2 leopard geckos
  12 orcs
  A ball python (D:3)
  3 giant cockroaches
  2 goblins
  5 hobgoblins
  17 jackals
  3 quokkas
  3 bats
  4 frilled lizards
  A jackal skeleton (D:5)
  5 kobolds
  A quokka skeleton (D:5)
  14 rats
107 creatures vanquished.

Vanquished Creatures (others)
  6 withered plants (D:4)
6 creatures vanquished.

Grand Total: 113 creatures vanquished

Notes
Turn   | Place    | Note
-------+----------+-------------------------------------------
     0 | D:1      | Amaterasu the Ogre Monk began the quest for the Orb.
     0 | D:1      | Reached XP level 1. HP: 24/24 MP: 1/1
   435 | D:1      | Reached XP level 2. HP: 21/33 MP: 2/2
  1236 | D:2      | Reached XP level 3. HP: 41/41 MP: 3/3
  1405 | D:2      | Reached skill level 5 in Fighting
  2319 | D:3      | Reached XP level 4. HP: 50/50 MP: 4/4
  2449 | D:3      | Found a shadowy altar of Dithmenos.
  3009 | D:4      | Reached XP level 5. HP: 52/59 MP: 5/5
  3315 | D:4      | Found a radiant altar of Vehumet.
  3318 | D:4      | Found a burning altar of Makhleb.
  3318 | D:4      | Found a bloodstained altar of Trog.
  3331 | D:4      | Reached skill level 6 in Fighting
  3578 | D:4      | Found a runed translucent gate.
  3578 | D:4      | Found a runed translucent gate.
  3580 | D:4      | Found a runed translucent gate.
  3582 | D:4      | Noticed StoneSoupSpirit's ghost (novice DsCK)
  3582 | D:4      | Noticed StoneSoupSpirit's ghost (novice DsCK)
  3700 | D:4      | Reached skill level 5 in Maces & Flails
  3700 | D:4      | Reached XP level 6. HP: 62/67 MP: 6/6
  4017 | D:4      | Found a staircase to the Ecumenical Temple.
  4144 | D:4      | Found a runed translucent door.
  4145 | D:4      | Noticed Crazy Yiuf
  4300 | D:4      | Killed Crazy Yiuf
  4574 | D:4      | Killed StoneSoupSpirit's ghost
  4575 | D:4      | Reached XP level 7. HP: 76/76 MP: 7/7
  4701 | D:4      | Killed StoneSoupSpirit's ghost
  4702 | D:4      | Reached skill level 7 in Fighting
  4702 | D:4      | Reached XP level 8. HP: 56/87 MP: 8/8
  4907 | D:5      | Entered Level 5 of the Dungeon
  5926 | Temple   | Entered the Ecumenical Temple
  5972 | Temple   | Became a worshipper of Warmaster Okawaru
  5972 | Temple   | Reached * piety under Okawaru
  5972 | Temple   | Reached ** piety under Okawaru
  6081 | D:5      | Reached skill level 8 in Fighting
  6087 | D:5      | Reached skill level 1 in Invocations
  6342 | D:5      | Reached skill level 9 in Fighting
  6549 | D:6      | Noticed Prince Ribbit
  6573 | D:5      | Slain by an orc warrior

Illustrated notes

Levels and vault maps discovered:
D:1:      erik_arrival_blinker_ship, layout_loops_corners,
          roderic_roman_lattice, minmay_rat_gold_closets
D:2:      layout_loops_corners
D:3:      layout_rooms, nicolae_dithmenos_shadow_blocks
D:4:      layout_loops_ring, grunt_temple_overflow_open,
          minmay_temple_entry_nine_rooms, gammafunk_ghost_cemetery,
          uniq_crazy_yiuf_cottage
D:5:      layout_loops_ring, nicolae_overflow_hidden_temple
D:6:      layout_rooms, uniq_prince_ribbit1, uniq_duvessa, uniq_pikel
Temple:   eino_narrow_crystal_temple

Skill      XL: |  1  2  3  4  5  6  7  8 |
---------------+-------------------------+-----
Maces & Flails | 3 4 5 6 7 8 |  8.0
Fighting       | 5 6 7 9 |  9.0
Dodging        | 3 4 |  4.0
Invocations    | 2 |  2.0
Stealth        | |  1.4

Action                   |  1- 3 |  4- 6 |  7- 9 || total
-------------------------+-------+-------+-------++-------
Melee: Mace              |   124 |    34 |       ||   158
       Flail             |       |    25 |       ||    25
       Morningstar       |       |   116 |   151 ||   267
  Use: Scroll            |     9 |     3 |       ||    12
       Potion            |       |     2 |     2 ||     4
 Stab: Sleeping          |     3 |     1 |     1 ||     5
Armor: Robe              |    52 |    79 |    61 ||   192
Dodge: Dodged            |    84 |   115 |    92 ||   291
